 Dungeon Crawl Stone Soup version 0.22.0-5-gf09313c (webtiles) character file.

49 Lew the Sneak (level 3, -1/25 HPs)
             Began as an Octopode Assassin on Aug 13, 2018.
             Slain by a hobgoblin (7 damage)
             ... led by Robin
             ... on level 2 of the Dungeon.
             The game lasted 00:04:21 (978 turns).

Lew the Sneak (Octopode Assassin)                    Turns: 978, Time: 00:04:22

Health: -1/25      AC:  1    Str: 10    XL:     3   Next: 77%
Magic:  3/3        EV: 13    Int: 13    God:
Gold:   73         SH:  0    Dex: 14    Spells: 2/2 levels left

rFire    . . .     SeeInvis .   e - +0 short sword (speed)
rCold    . . .     Gourm    .   (no shield)
rNeg     . . .     Faith    .   (helmet restricted)
rPois    .         Spirit   .   (no amulet)
rElec    .         Reflect  .   (no ring)
rCorr    .         Harm     .   (no ring)
MR       .....                  (no ring)
Stlth    ++++......             (no ring)
HPRegen  0.08/turn              (no ring)
MPRegen  0.08/turn              (no ring)
                                (no ring)
                                (no ring)

@: very slightly contaminated
A: almost no armour, stealthy swim, amphibious, 8 rings, constrict 8, camouflage
1, gelatinous body 1
a: no special abilities


You were on level 2 of the Dungeon.
You were not hungry.

You visited 1 branch of the dungeon, and saw 2 of its levels.

You collected 73 gold pieces.

Inventory:

Hand Weapons
 a - a +2 dagger
 b - a +0 blowgun
 e - a +0 short sword of speed (weapon)
Missiles
 c - 8 poisoned needles
 d - 2 curare-tipped needles
Jewellery
 i - an uncursed ring of protection from magic {unknown}
Scrolls
 l - a scroll of remove curse {unknown}
 m - a scroll of magic mapping {unknown}
 n - a scroll of random uselessness {unknown}
 o - a scroll of amnesia {unknown}
 p - a scroll of fear {unknown}
Potions
 g - a potion of invisibility
 h - 3 potions of lignification {unknown}
 j - a potion of flight {unknown}
 k - a potion of heal wounds {unknown}
Comestibles
 f - 3 rations


   Skills:
 + Level 2.5 Fighting
 + Level 2.5 Short Blades
 - Level 2.1 Throwing
 - Level 1.2 Dodging
 * Level 6.2 Stealth


You had 2 spell levels left.
You didn't know any spells.
Your spell library was empty.

Dungeon Overview and Level Annotations

Branches:
Dungeon (2/15)

Altars:


Innate Abilities, Weirdness & Mutations

You cannot wear most types of armour.
You are very stealthy in the water. (Stealth+)
You are amphibious.
You can wear up to eight rings at the same time.
You can use your tentacles to constrict eight enemies at once.
Your skin changes colour to match your surroundings (Stealth+).
Your rubbery body absorbs attacks. (AC +1, EV +1)


Message History

You constrict Robin, but do no damage. Robin closely misses you.
You hit Robin but do no damage.
Robin is heavily wounded.
You constrict Robin. Robin closely misses you.
You hit Robin but do no damage.
Robin is severely wounded.
You constrict Robin, but do no damage. You hit Robin.
Robin is severely wounded.
You constrict Robin.
Robin roars a battlecry!
You hit Robin.
Robin is almost dead.
You constrict Robin, but do no damage. Robin misses you.
You hit Robin.
You kill Robin!
You start resting.
The hobgoblin is too close now for your liking.
The hobgoblin hits you!
You die...

######)####.........#
#........#########.##
#.####.#.#### #.#
#.......######.#
#..............#
.......#.########
#......#.# .#..#..#.#
........#@# #....gg.#
#########


You could see a hobgoblin and a goblin.

Vanquished Creatures
  Robin (D:2)
  A dart slug (D:1)
  3 bats
  8 goblins
  3 hobgoblins (D:1)
  7 jackals (D:1)
  2 frilled lizards
  7 kobolds (D:1)
  2 rats (D:1)
34 creatures vanquished.

Notes
Turn   | Place    | Note
-------+----------+-------------------------------------------
     0 | D:1      | Lew the Octopode Assassin began the quest for the Orb.
     0 | D:1      | Reached XP level 1. HP: 14/14 MP: 1/1
    64 | D:1      | Reached XP level 2. HP: 16/19 MP: 2/2
   651 | D:1      | Reached XP level 3. HP: 25/25 MP: 3/3
   901 | D:2      | Noticed Robin
   906 | D:2      | Reached skill level 6 in Stealth
   915 | D:2      | HP: 1/25 [goblin/dagger[Robin] (5)]
   975 | D:2      | Killed Robin
   978 | D:2      | Slain by a hobgoblin

Skill      XL: |  1  2  3 |
---------------+----------+-----
Stealth        | 6 |  6.2
Fighting       | |  2.5
Short Blades   | |  2.5
Throwing       | |  2.1
Dodging        | |  1.2

Action                   || total
-------------------------++-------
Melee: Dagger            ||     9
       Tentacles         ||    12
       Constrict         ||    11
       Short sword       ||    53
 Fire: Blowgun           ||     2
  Use: Potion            ||     1
 Stab: Sleeping          ||    11
Armor: Skin              ||     5
Dodge: Dodged            ||    30
